 Dungeon Crawl Stone Soup version 0.28.0-43-g3370ac3207 (webtiles) character file.

Game seed: 6154643776938863509

26 Faeu the Shield-Bearer (level 2, -1/27 HPs)
             Began as a Minotaur Fighter on Mar 18, 2022.
             Slain by a gnoll
             ... wielding a +0 flail
              (5 damage)
             ... on level 2 of the Dungeon.
             The game lasted 00:04:20 (655 turns).

Faeu the Shield-Bearer (Minotaur Fighter)            Turns: 655, Time: 00:04:21

Health: -1/27      AC:  7    Str: 20    XL:     2   Next: 89%
Magic:  1/1        EV:  9    Int:  5    God:
Gold:   66         SH:  0    Dex:  9    Spells: 1/1 levels left

rFire   . . .      SeeInvis .   a - +0 long sword {long}
rCold   . . .      Faith    .   j - orb {mayhem}
rNeg    . . .      Spirit   .   b - +0 scale mail
rPois   .          Reflect  .   (helmet restricted)
rElec   .          Harm     .   (no cloak)
rCorr   .          Rampage  .   (no gloves)
Will    .....                   (no boots)
Stlth   ..........              (no amulet)
HPRegen 0.09/turn               (no ring)
MPRegen 0.07/turn               (no ring)

@: no status effects
A: horns 2, retaliatory headbutt
a: no special abilities


You were on level 2 of the Dungeon.
You visited 1 branch of the dungeon, and saw 2 of its levels.

You collected 66 gold pieces.


Innate Abilities, Weirdness & Mutations

You have a pair of horns on your head.
You reflexively headbutt those who attack you in melee.


   Skills:
 + Level 4.0 Fighting
 + Level 3.0 Long Blades
 + Level 4.0 Armour
 + Level 4.0 Shields


You had one spell level left.
You didn't know any spells.
Your spell library was empty.

Inventory:

Hand Weapons
 a - a +0 long sword (weapon) {long}
Missiles
 e - 124 stones (quivered) {throwing}
Armour
 b - a +0 scale mail (worn)
 c - a +0 buckler
 j - an orb of mayhem (worn)
   (You found it on level 1 of the Dungeon)
 l - a +0 chain mail
   (You found it on level 2 of the Dungeon)
Scrolls
 f - a scroll of teleportation {unknown}
 h - a scroll of immolation {unknown}
 i - 2 scrolls of magic mapping {unknown}
 k - a scroll of identify {unknown}
Potions
 d - a potion of might
 g - a potion of curing {unknown}

Dungeon Overview and Level Annotations

Branches:
Dungeon (2/15)

Altars:

Shops:
D:1

=*[*! ### ..# #.#
#.# .#####.# #######
.......#+#@....+
g######....g.#####
g....g..(....+ ..
#######......#####..
#...........#
###.........#
#.........#
#..%......#
#.........#


You could see 2 gnolls.


Message History

😕 HP[-2]
You take 2 damage, and now have 24/27 hp.
You closely miss the hobgoblin. The hobgoblin misses you.
You hit the hobgoblin.
You kill the hobgoblin!
Your Fighting skill increases to level 4!
Your Armour skill increases to level 4!
Your Shields skill increases to level 4!
A kobold comes into view. It is wielding a +0 short sword.
The kobold shouts! 😎 HP[+3]
Your hp is fully restored (27).
You block the kobold's attack.
You barely miss the kobold. You block the kobold's attack.
You closely miss the kobold. Your headbutt misses the kobold.
The kobold closely misses you.
You hit the kobold but do no damage. You block the kobold's attack.
You slash the kobold!
You kill the kobold!
Your Long Blades skill increases to level 3!
You see here a +0 short sword {short}.
e - 94 stones {throwing} (gained 26)
Found Fedd's Distillery.
Found an escape hatch in the floor.
Press: ? - help, v - describe, . - travel A granite statue.
You start removing your armour.
You continue taking off your +0 buckler. x4
You finish taking off your +0 buckler.
You start putting on your armour.
You continue putting on your orb of mayhem. x5
You finish putting on your orb of mayhem.
There is a stone staircase leading down here.
There is a stone staircase leading down here.
Done exploring.
Done exploring.
Done exploring.
There is a stone staircase leading down here.
You climb downwards.
There is a stone staircase leading up here.
You now have 66 gold pieces (gained 15).
A goblin comes into view. It is wielding a +0 dagger.
The goblin shouts!
The goblin closely misses you.
You closely miss the goblin. The goblin barely misses you.
You closely miss the goblin. The goblin hits you but does no damage.
You closely miss the goblin.
The goblin hits you with a +0 dagger. 😕 HP[-1]
You take 1 damage, and now have 26/27 hp.
You closely miss the goblin. Your headbutt misses the goblin.
The goblin hits you but does no damage.
The goblin hits you with a +0 dagger. 😕 HP[-2]
You take 2 damage, and now have 24/27 hp.
You completely miss the goblin. You headbutt the goblin.
You kill the goblin!
You see here a +0 dagger {short}. 😕 HP[+1]
e - 107 stones {throwing} (gained 13)
e - 124 stones {throwing} (gained 17)
You open the door.
A rat comes into view.
There is an open door here. 😎 HP[+2]
Your hp is fully restored (27).
A rat comes into view.
Found a stone staircase leading up.
You hit the rat.
You kill the rat!
You see here a rat corpse.
You hit the rat.
You kill the rat!
A gnoll comes into view. It is wielding a +0 flail.
You see here a +0 chain mail.
l - a +0 chain mail You hit the gnoll. 2 gnolls come into view.
The gnoll shouts!
You hear a shout!
The gnoll misses you.
A gnoll comes into view. It is wielding a +0 spear.
You hear a shout!
You closely miss the gnoll. The gnoll hits you with a +0 flail!
The gnoll closely misses you. You furiously retaliate!
You headbutt the gnoll, but do no damage. 😮 HP[-9]
You take 9 damage, and now have 18/27 hp.
MASSIVE DAMAGE!! (PAUSE)
The gnoll hits you with a +0 flail.
* * * LOW HITPOINT WARNING * * *
The gnoll throws a throwing net.
The throwing net barely misses you.
You see here a throwing net {=f!fthrowing}. 😨 HP[-6]
You take 6 damage, and now have 12/27 hp.
MASSIVE DAMAGE!! (PAUSE)
The gnoll hits you with a +0 flail!
* * * LOW HITPOINT WARNING * * *
😱 HP[-8]
You take 8 damage, and now have 4/27 hp.
MASSIVE DAMAGE!! (PAUSE)
There is a stone staircase leading up here.
The gnoll hits you with a +0 flail.
You die...

Skill      XL: |  1  2 |
---------------+-------+-----
Fighting       | 4 |  4.0
Armour         | 4 |  4.0
Shields        | 4 |  4.0
Long Blades    | 3 |  3.0

Action                   || total
-------------------------++-------
Melee: Long sword        ||    42
       Headbutt          ||     3
Armor: Scale mail        ||    23
Dodge: Dodged            ||    26
Block: Buckler           ||     8

Levels and vault maps discovered:
D:1:      mrwooster_arrival_statue_3, layout_rooms, serial_shops, shop,
          shop_statue, shop, shop_statue, nicolae_square_shop
D:2:      layout_basic, minivault_24, minmay_pentomino_u2

Notes
Turn   | Place    | Note
-------+----------+-------------------------------------------
     0 | D:1      | Faeu the Minotaur Fighter began the quest for the Orb.
     0 | D:1      | Reached XP level 1. HP: 19/19 MP: 0/0
     0 | D:1      | magus.rc [v1.9.6]
    65 | D:1      | Found Midig's Assorted Antiques.
   158 | D:1      | Reached XP level 2. HP: 27/27 MP: 1/1
   319 | D:1      | Found Nimmoh's Armour Boutique.
   320 | D:1      | Found Mawnas's Assorted Antiques.
   346 | D:1      | Found Anazik's Jewellery Shoppe.
   384 | D:1      | Reached skill level 4 in Fighting
   384 | D:1      | Reached skill level 4 in Armour
   384 | D:1      | Reached skill level 4 in Shields
   420 | D:1      | Reached skill level 3 in Long Blades
   465 | D:1      | Found Fedd's Distillery.
   651 | D:2      | HP: 4/27 [gnoll/+0 flail (8)]
   655 | D:2      | Slain by a gnoll

Vanquished Creatures
  A ball python (D:1)
  3 endoplasms (D:1)
  2 giant cockroaches (D:1)
  3 goblins
  2 hobgoblins (D:1)
  2 kobolds (D:1)
  2 quokkas (D:1)
  2 bats (D:1)
  5 rats
22 creatures vanquished.

Table legend:
 A = Non-vault XP
 B = Vault XP
 C = Vault XP percentage of total XP
 D = Non-vault monster count
 E = Vault monster count
 F = Vault count percentage of total count
                 A         B        C        D         E       F
            +---------+---------+-------+---------+---------+-------
      Total |      38 |       0 |   0.0 |      22 |       0 |   0.0
            +---------+---------+-------+---------+---------+-------
        D:1 |      34 |       0 |   0.0 |      19 |       0 |   0.0
        D:2 |       4 |       0 |   0.0 |       3 |       0 |   0.0
            +---------+---------+-------+---------+---------+-------

Illustrated notes

Table legend:
 A = Kills in this place as a percentage of kills in entire the game.
 B = Kills by you in this place as a percentage of kills by you in the entire game.
 C = Kills by friends in this place as a percentage of kills by friends in the entire game.
 D = Other kills in this place as a percentage of other kills in the entire game.
 E = Experience gained in this place as a percentage of experience gained in the entire game.
 F = Experience gained in this place divided by the number of levels of this place that you have seen.
                   A       B       C       D       E      F
               +-------+-------+-------+-------+-------+----------------------
         Total | 100.0 | 100.0 |   N/A |   N/A | 100.0 |  19.0
       Dungeon | 100.0 | 100.0 |   N/A |   N/A | 100.0 |  19.0
               +-------+-------+-------+-------+-------+----------------------

Table legend: (Time is in decaauts)
 A = Elapsed time spent in this place.
 B = Non-inter-level travel time spent in this place.
 C = Inter-level travel time spent in this place.
 D = Time resting spent in this place.
 E = Time spent auto-exploring this place.
 F = Levels seen in this place.
 G = Mean time per level.
                   A        B        C        D        E       F      G
               +--------+--------+--------+--------+--------+-----+--------+
         Total |    667 |    667 |      0 |      0 |    409 |   2 |  333.5 |
       Dungeon |    667 |    667 |      0 |      0 |    409 |   2 |  333.5 |
               +--------+--------+--------+--------+--------+-----+--------+

Top non-repeatable levels by time:
     D:1: 552 daAuts
     D:2: 114 daAuts
